 Dungeon Crawl Stone Soup version 0.20.0-10-g0535bb4 (webtiles) character file.

1080 grindst0ne the Protected (level 8, -11/49 HPs)
             Began as a Gargoyle Fighter on June 7, 2017.
             Killed by divine providence
             ... invoked by an orc priest
              (13 damage)
             ... on level 6 of the Dungeon.
             The game lasted 00:08:01 (4490 turns).

grindst0ne the Protected (Gargoyle Fighter)         Turns: 4490, Time: 00:08:02

Health: -11/49     AC: 20    Str: 23    XL:     8   Next: 29%
Magic:  8/8        EV: 11    Int:  8    God:
Gold:   257        SH:  4    Dex: 13    Spells: 7/7 levels left

rFire    . . .     SeeInvis .   a - +0 war axe
rCold    . . .     Gourm    .   H - +0 buckler
rNeg     + . .     Faith    .   I - +0 chain mail
rPois    ∞         Spirit   .   i - +2 hat
rElec    +         Reflect  .   u - scarf {repulsion}
rCorr    .         Harm     .   (no gloves)
MR       .....                  e - +0 pair of boots
Stlth    ..........             (no amulet)
Regen    0.2/turn               w - +3 ring of evasion
MPRegen  0.2/turn               (no ring)

@: repel missiles
A: hooves 1, agile 1, blurry vision 1, negative energy resistance 1, electricity
resistance, strong 1, unbreathing, petrification resistance, rot immunity, AC +5
a: no special abilities


You were on level 6 of the Dungeon.
You were near starving.

You visited 1 branch of the dungeon, and saw 6 of its levels.

You collected 257 gold pieces.

Inventory:

Hand Weapons
 a - a +0 war axe (weapon)
Armour
 b - a +0 scale mail
 c - a +0 shield
 e - a +0 pair of boots (worn)
 i - a +2 hat (worn)
 u - a scarf of repulsion (worn)
 z - a +0 helmet
 H - a +0 buckler (worn)
 I - a +0 chain mail (worn)
Jewellery
 w - a +3 ring of evasion (left hand)
Wands
 B - a wand of polymorph (12/24)
Scrolls
 l - 6 scrolls of remove curse
 n - a scroll of random uselessness {unknown}
 o - a scroll of amnesia {unknown}
 r - 2 scrolls of enchant weapon {unknown}
 t - 4 scrolls of magic mapping {unknown}
 y - a scroll of fear {unknown}
 A - a scroll of enchant armour {unknown}
 F - 2 scrolls of teleportation {unknown}
 J - 2 scrolls of immolation {unknown}
Potions
 d - 2 potions of might
 g - 2 potions of ambrosia
 h - 3 potions of curing
 j - 5 potions of haste
 k - a potion of lignification
 m - 2 potions of flight
 p - a potion of heal wounds
 x - 2 potions of brilliance
 D - 2 potions of agility {unknown}
 E - a potion of cancellation {unknown}
Books
 G - a book of Frost

   Spells                             Type                      Level
   a - Freeze                         Ice                          1
   b - Throw Frost                    Conjuration/Ice              2
   c - Ozocubu's Armour               Charms/Ice                   3
   d - Throw Icicle                   Conjuration/Ice              4
   e - Summon Ice Beast               Ice/Summoning                4
Comestibles
 f - 2 bread rations
 q - a meat ration
 s - 4 fruits
 v - a royal jelly


   Skills:
 - Level 5.0 Fighting
 - Level 1.7 Axes
 + Level 10.1 Armour
 - Level 3.2 Shields


You had 7 spell levels left.
You didn't know any spells.

Dungeon Overview and Level Annotations

Branches:
Dungeon (6/15)
 Temple: D:4-7

Altars:
Kikubaaqudgha

Shops:
D:4 [


Innate Abilities, Weirdness & Mutations

You are resistant to torment.
Your stone body is resilient. (AC +5)
You are immune to poison.
You resist negative energy. (rN+)
You are resistant to electric shocks. (rElec)
You can survive without breathing.
You are immune to petrification.
You are immune to rotting.
You have large cloven feet.
You are agile. (Dex +2)
Scrolls take you a little longer to read.
Your muscles are strong. (Str +2)


Message History

You block the hound's attack.
The orc wizard gestures wildly while chanting.
The orc wizard flickers and vanishes!
The hound bites you but does no damage.
The sky beast flickers out of sight!
You completely miss the orc priest. You hit the hound.
The hound closely misses you. The hound barely misses you.
The orc priest hits you with a whip.
* * * LOW HITPOINT WARNING * * *
The orc priest barely misses you. The hound bites you but does no damage.
Found a stone staircase leading down.
The hound bites you but does no damage.
You hear some strange, mumbled words.
The orc priest miscasts a cantrip.
The hound bites you.
* * * LOW HITPOINT WARNING * * *
A puff of frost appears from out of thin air!
The puff of frost misses you.
The orc priest invokes the aid of Beogh against you.
Beogh smites you!
You die...

...>.........#.......>.
.....#####o........#...
#......o.###.#....... .#
##....o#####.#..#....
...#......# #...........
..........# #....####(.)
..###....####....###....
#..h.#.........(.... #
#..@...##(...##(####
......##.###......(.# #
.......#.###......### #
................#.# #
.........#...#..#.#
.....############.# ....
... #. ... . ...+


You could see a hound, an orc priest and 2 orcs.

Vanquished Creatures
  A sky beast (D:5)
  A phantom (D:4)
  3 ogres
  A centaur (D:6)
  A scorpion (D:5)
  A vampire bat (D:5)
  2 crimson imps (D:5)
  2 orc priests
  4 orc wizards
  Ijyb (D:3)
  2 worker ants
  4 adders
  A shadow imp (D:5)
  3 oozes
  4 worms
  A dart slug (D:2)
  3 leopard geckos
  17 orcs
  4 ball pythons
  3 bat skeletons (D:5)
  3 bat zombies (D:5)
  2 giant cockroaches (D:1)
  9 goblins
  10 hobgoblins
  3 jackals (D:2)
  7 kobolds
  2 quokkas
  7 bats
  8 frilled lizards
  6 rats
116 creatures vanquished.

Vanquished Creatures (others)
  An orc (D:3)
1 creature vanquished.

Grand Total: 117 creatures vanquished

Notes
Turn   | Place    | Note
-------+----------+-------------------------------------------
     0 | D:1      | grindst0ne the Gargoyle Fighter began the quest for the Orb.
     0 | D:1      | Reached XP level 1. HP: 14/14 MP: 1/1
   196 | D:1      | Reached XP level 2. HP: 14/20 MP: 2/2
   494 | D:1      | Reached XP level 3. HP: 24/24 MP: 3/3
   718 | D:2      | Reached skill level 5 in Fighting
   881 | D:2      | Reached XP level 4. HP: 31/31 MP: 4/4
  1220 | D:2      | Reached skill level 4 in Armour
  1415 | D:3      | Noticed Ijyb
  1428 | D:3      | Killed Ijyb
  1602 | D:3      | Reached XP level 5. HP: 19/35 MP: 5/5
  1609 | D:3      | Reached skill level 5 in Armour
  2161 | D:4      | Reached XP level 6. HP: 37/40 MP: 6/6
  2185 | D:4      | Reached skill level 6 in Armour
  2187 | D:4      | Found Goep's Armour Emporium.
  2637 | D:4      | Noticed a phantom
  2680 | D:4      | Killed a phantom
  2966 | D:5      | Entered Level 5 of the Dungeon
  2974 | D:5      | Noticed a sky beast
  2990 | D:5      | Killed a sky beast
  2990 | D:5      | Reached skill level 7 in Armour
  2990 | D:5      | Reached XP level 7. HP: 39/44 MP: 7/7
  3317 | D:5      | Reached skill level 8 in Armour
  3417 | D:5      | Found an ancient bone altar of Kikubaaqudgha.
  3544 | D:5      | Reached skill level 9 in Armour
  3827 | D:5      | Reached XP level 8. HP: 49/49 MP: 8/8
  4023 | D:5      | Gained mutation: Scrolls take you a little longer to read. [potion of mutation]
  4023 | D:5      | Gained mutation: You are agile. (Dex +2) [potion of mutation]
  4023 | D:5      | Gained mutation: Your muscles are strong. (Str +2) [potion of mutation]
  4023 | D:5      | Gained mutation: You have large cloven feet. [potion of mutation]
  4462 | D:6      | Reached skill level 10 in Armour
  4488 | D:6      | HP: 2/49 [hound (2)]
  4490 | D:6      | Killed from afar by an orc priest

Skill      XL: |  1  2  3  4  5  6  7  8 |
---------------+-------------------------+-----
Fighting       | 4 5 |  5.0
Armour         | 4 5 7 9 10 | 10.1
Axes           | |  1.7
Shields        | |  3.2

Action                   |  1- 3 |  4- 6 |  7- 9 || total
-------------------------+-------+-------+-------++-------
Melee: War axe           |   133 |   194 |   150 ||   477
       Unarmed           |       |     5 |       ||     5
  Use: Scroll            |       |       |     9 ||     9
       Potion            |       |       |     1 ||     1
  Eat: Chunk             |       |     7 |     4 ||    11
Armor: Scale mail        |    77 |    97 |       ||   174
       Chain mail        |       |    31 |   126 ||   157
Dodge: Dodged            |    62 |    98 |   126 ||   286
       Deflected         |       |     1 |     4 ||     5
Block: Shield            |    65 |    63 |       ||   128
       Buckler           |       |    10 |    40 ||    50
